 Dungeon Crawl Stone Soup version 0.23.2-40-g277498a001 (webtiles) character file.

Game seed: 17436551805320067274

49 DildoBatman the Magician (level 4, 0/30 HPs)
             Began as a Formicid Wizard on Sept 10, 2019.
             Hit by a stone thrown by a hobgoblin (1 damage)
             ... on level 2 of the Dungeon.
             The game lasted 00:03:08 (1162 turns).

DildoBatman the Magician (Formicid Wizard)          Turns: 1162, Time: 00:03:08

Health: 0/30       AC:  3    Str: 12    XL:     4   Next: 1%
Magic:  1/8        EV: 12    Int: 18    God:
Gold:   58         SH:  0    Dex:  9    Spells: 2/9 levels left

rFire    . . .     SeeInvis +   c - +0 club
rCold    . . .     Gourm    .   (no shield)
rNeg     . . .     Faith    .   a - +0 robe
rPois    .         Spirit   .   (helmet unavailable)
rElec    .         Reflect  .   k - +0 cloak
rCorr    .         Harm     .   (no gloves)
MR       .....                  (no boots)
Stlth    ++........             (no amulet)
HPRegen  0.10/turn              (no ring)
MPRegen  0.11/turn              (no ring)

@: very slightly contaminated
A: permanent stasis, dig shafts and tunnels, four strong arms, antennae 3
a: Dig, Shaft Self


You were on level 2 of the Dungeon.
You were not hungry.

You visited 1 branch of the dungeon, and saw 2 of its levels.

You collected 58 gold pieces.

Inventory:

Hand Weapons
 c - a +0 club (weapon)
 j - a +0 hunting sling
Missiles
 f - 17 stones (quivered)
 m - 17 poisoned needles
Armour
 a - a +0 robe (worn)
 k - a +0 cloak (worn)
Jewellery
 h - an uncursed ring of stealth {unknown}
Wands
 n - a wand of flame (17)
Scrolls
 d - a scroll of immolation {unknown}
 i - 2 scrolls of amnesia {unknown}
 l - a scroll of blinking {unknown}
Potions
 e - 2 potions of cancellation {unknown}
 g - a potion of agility {unknown}
Comestibles
 v - 2 rations


   Skills:
 - Level 1.7 Dodging
 - Level 2.4 Stealth
 - Level 3.2 Spellcasting
 * Level 3.2 Conjurations
   Level 1.0 Summonings
   Level 0.8 Translocations


You had 2 spell levels left.
You knew the following spells:

 Your Spells              Type           Power        Failure   Level  Hunger
a - Conjure Flame         Conj/Fire      #.......     24%         3    ###....
c - Magic Dart            Conj           ##..         4%          1    None
e - Mephitic Cloud        Conj/Pois/Air  #.......     30%         3    ###....

Your spell library contained the following spells:

 Spells                   Type           Power        Failure   Level  Hunger
 Call Imp                 Summ           #.......     16%         2    ##.....
 Slow                     Hex            #.......     24%         2    ##.....
 Blink                    Tloc           Unusable     N/A         2    N/A

Dungeon Overview and Level Annotations

Branches:
Dungeon (2/15)

Altars:


Innate Abilities, Weirdness & Mutations

You cannot be hasted, slowed, berserked, paralysed or teleported.
You can dig through walls and to a lower floor.
Your four strong arms can wield two-handed weapons with a shield.
You have a pair of large antennae on your head. (SInv)


Message History

Orders for allies: a - Attack new target. r - Retreat! s - Stop attacking. g - Guard the area. f - Follow me.
Anything else - Cancel.
You shout for attention!
An adder comes into view.
The frilled lizard hisses.
The frilled lizard bites you. What are your orders? t - Shout!
Orders for allies: a - Attack new target. r - Retreat! s - Stop attacking. g - Guard the area. f - Follow me.
Anything else - Cancel.
You shout for attention!
You feel sick.
You are no longer poisoned.
The hobgoblin throws a stone.
The stone hits you.
You die...

#######
##.......
#@.....g.
#l........
{#S........
..........
.........$.
............
....#.......)
.....##..>...$


You could see an adder, a hobgoblin and a frilled lizard.

Vanquished Creatures
  An adder (D:1)
  A gnoll (D:1)
  A leopard gecko (D:1)
  A ball python (D:1)
  2 bats (D:1)
  A giant cockroach (D:1)
  5 goblins
  2 hobgoblins (D:1)
  2 jackals (D:1)
  A quokka (D:2)
  4 frilled lizards
  3 kobolds
  4 rats (D:1)
28 creatures vanquished.

Notes
Turn   | Place    | Note
-------+----------+-------------------------------------------
     0 | D:1      | DildoBatman the Formicid Wizard began the quest for the
                  | Orb.
     0 | D:1      | Reached XP level 1. HP: 13/13 MP: 4/4
    60 | D:1      | Reached skill level 1 in Conjurations
   186 | D:1      | Reached XP level 2. HP: 15/19 MP: 0/6
   719 | D:1      | Reached XP level 3. HP: 24/24 MP: 2/7
   725 | D:1      | Learned a level 3 spell: Conjure Flame
   729 | D:1      | Learned a level 3 spell: Mephitic Cloud
  1152 | D:1      | Reached XP level 4. HP: 9/30 MP: 0/8
  1161 | D:2      | HP: 1/30 [frilled lizard (3)]
  1162 | D:2      | Hit by a stone thrown by a hobgoblin

Skill      XL: |  1  2  3 |
---------------+----------+-----
Conjurations   | 1 2 3 |  3.2
Dodging        | |  1.7
Stealth        | |  2.4
Spellcasting   | |  3.2
Summonings     | |  1.0
Translocations | |  0.8

Action                   |  1- 3 |  4- 6 || total
-------------------------+-------+-------++-------
Melee: Club              |    34 |       ||    34
 Cast: Magic Dart        |    60 |     1 ||    61
       Mephitic Cloud    |     1 |       ||     1
 Abil: Dig               |     5 |       ||     5
  Eat: Chunk             |     1 |       ||     1
Armor: Robe              |     9 |     3 ||    12
Dodge: Dodged            |    48 |     4 ||    52
